AoeStats
← °49¬K<»Šhãdöw

Hill Fort

505938985Analyzed
4v4 RM · 2mo ago on Sep 11, 2026· 45m 2s· 8 players
Game mode
Random Map
Map size
Large (8 player)
Population
200
Speed
Normal
Resources
Standard
Victory
Conquest
Starting age
Dark Age
Ending age
Imperial Age
RankedLock teamsTeams togetherTeam positionsShared explorationLock speedFull tech treeHidden civsTurbo modeCheats
Victory
Defeat
1085
+14
🇧🇷 Inca · Brazil
1062
+15
🇻🇳 Ethiopians · Vietnam
1058
+15
🇩🇪 Teutons · Germany
1033
+16
vs
🇦🇹 Jurchens · Austria
1057
-17
🇦🇹 Goths · Austria
1041
-15
🇦🇹 Khmer · Austria
1033
-15
🇦🇹 Poles · Austria
1000
-40
Brandt9700
8:50 Feudal Age
9:31 Double-Bit Axe
11:03 Loom
12:16 Wheelbarrow
15:37 Horse Collar
16:37 Fletching
19:19 Padded Archer Armor
21:50 Castle Age
20:50 Gold Mining
22:40 Bodkin Arrow
22:06 Crossbowman
24:42 Bow Saw
24:32 Heavy Plow
26:40 Leather Archer Armor
27:57 Thumb Ring
31:41 Hand Cart
33:17 Gold Shaft Mining
32:42 Heavy Plow
32:21 Elite Skirmisher
33:33 Treadmill Crane
33:55 Stone Mining
36:38 Imperial Age
35:08 Forging
34:58 Scale Mail Armor
36:21 Stone Shaft Mining
36:42 Elite Kamayuk
37:43 Conscription
38:11 Chain Mail Armor
39:34 Chemistry
39:25 Iron Casting
39:41 Plate Mail Armor
39:46 Town Watch
40:03 Fabric Shields
41:14 Blast Furnace
40:21 Murder Holes
42:21 Crop Rotation
42:29 Town Patrol
44:28 Capped Ram
NeburX1
10:24 Loom
12:24 Feudal Age
14:25 Wheelbarrow
13:37 Double-Bit Axe
13:38 Horse Collar
13:49 Gold Mining
16:29 Town Watch
18:53 Castle Age
20:12 Hand Cart
20:24 Bow Saw
20:06 Stone Mining
20:42 Scale Barding Armor
21:39 Heavy Plow
22:17 Stone Shaft Mining
21:59 Forging
25:42 Chain Barding Armor
25:46 Bloodlines
32:19 Iron Casting
33:24 Town Patrol
36:15 Imperial Age
34:51 Ballistics
36:20 Cavalier
37:38 Plate Barding Armor
38:04 Blast Furnace
37:17 Guilds
37:38 Coinage
37:08 Caravan
38:13 Two-Man Saw
37:56 Paladin
41:38 Conscription
40:39 Elite Teutonic Knight
°49¬K<»Šhãdöw
10:07 Feudal Age
20:06 Castle Age
17:53 Loom
18:51 Double-Bit Axe
18:51 Horse Collar
19:18 Gold Mining
28:23 Imperial Age
29:28 Royal Heirs
31:37 Forging
31:27 Scale Mail Armor
31:17 Fletching
31:41 Elite Skirmisher
35:00 Ballistics
34:58 Chain Mail Armor
35:19 Iron Casting
37:00 Iron Casting
36:56 Plate Mail Armor
37:44 Heavy Camel Rider
38:45 Heavy Plow
38:36 Town Watch
40:17 Wheelbarrow
40:52 Scale Barding Armor
41:49 Blast Furnace
43:26 Elite Shotel Warrior
—»¬ ° • G ¡ ø 49k .
1:51 Loom
2:25 Loom
10:48 Feudal Age
15:28 Castle Age
13:27 Horse Collar
14:28 Double-Bit Axe
14:37 Gold Mining
14:57 Stone Mining
18:00 Bow Saw
17:52 Heavy Plow
18:37 Gold Shaft Mining
21:34 Husbandry
23:22 Wheelbarrow
22:32 Town Watch
22:47 Town Watch
30:51 Imperial Age
28:37 Scale Barding Armor
28:42 Forging
28:38 Scale Barding Armor
29:00 Bloodlines
29:54 Hand Cart
29:39 Town Patrol
29:03 Light Cavalry
29:56 Forging
32:18 Town Patrol
33:32 Iron Casting
33:17 Chain Barding Armor
34:43 Plate Barding Armor
35:42 Chemistry
34:56 Hussar
36:17 Ballistics
35:40 Elite Battle Elephant
36:31 Hussar
38:27 Blast Furnace
36:56 Elite Ballista Elephant
37:37 Double Crossbow
42:34 Siege Engineers
MakroJK
22:46 Feudal Age
22:18 Loom
26:44 Forging
28:43 Castle Age
28:47 Scale Barding Armor
29:21 Wheelbarrow
30:43 Horse Collar
30:58 Town Watch
36:07 Chain Barding Armor
36:27 Iron Casting
37:21 Hand Cart
Tode[S]hrimp
9:26 Loom
11:21 Feudal Age
14:51 Castle Age
12:58 Double-Bit Axe
15:49 Loom
24:19 Wheelbarrow
23:36 Horse Collar
23:57 Gold Mining
25:29 Husbandry
26:41 Heavy Plow
27:07 Scale Barding Armor
27:16 Forging
30:07 Imperial Age
28:19 Bloodlines
29:46 Chain Barding Armor
30:01 Iron Casting
29:16 Light Cavalry
33:02 Blast Furnace
34:21 Bow Saw
34:44 Crop Rotation
35:05 Hussar
37:29 Ballistics
38:37 Chemistry
40:18 Elite Battle Elephant
40:35 Heavy Scorpion
Klautsche
11:15 Feudal Age
9:35 Loom
11:21 Feudal Age
15:51 Castle Age
15:00 Double-Bit Axe
15:38 Horse Collar
22:49 Bow Saw
22:55 Heavy Plow
25:47 Stone Mining
25:50 Gold Mining
26:04 Scale Mail Armor
28:43 Chain Mail Armor
30:30 Anarchy
31:25 Squires
38:03 Imperial Age
36:10 Wheelbarrow
37:45 Pikeman
38:16 Elite Huskarl
39:19 Conscription
39:01 Halberdier
42:13 Perfusion
43:35 Fletching
43:55 Forging
MeanMachine
5:09 Loom
10:58 Feudal Age
16:13 Castle Age
20:37 Double-Bit Axe
20:40 Horse Collar
23:55 Wheelbarrow
26:30 Squires
28:17 Hand Cart
28:13 Bow Saw
27:54 Gold Mining
28:55 Town Watch
30:02 Scale Mail Armor
30:13 Forging
32:49 Imperial Age
33:00 Scale Mail Armor
35:04 Chain Mail Armor
35:00 Forging
34:49 Heavy Rocket Cart
35:21 Elite Fire Lancer
38:26 Iron Casting
42:02 Thunderclap Bombs
42:13 Conscription
Connection lost

Rejoining the realm…

Still unreachable

The connection could not be restored.

Session expired

The server has moved on; the page needs a fresh start.